 Dungeon Crawl Stone Soup version 0.31.0-11-ge490571c62 (webtiles) character file.

Game seed: 11199127887917561748

9 Esekla the Sneak (level 2, -1/25 HPs)
             Began as a Barachi Delver on Jan 26, 2024.
             Slain by an ice beast (9 damage)
             ... on level 6 of the Dungeon.
             The game lasted 00:02:41 (138 turns).

Esekla the Sneak (Barachi Delver)                    Turns: 138, Time: 00:02:41

Health: -1/25      AC:  3    Str: 13    XL:     2   Next: 16%
Magic:  2/2        EV: 12    Int: 10    God:
Gold:   0          SH:  0    Dex: 13    Spells: 1/1 levels left

rFire   . . .        a - +0 scimitar
rCold   . . .        (no shield)
rNeg    . . .        b - +0 leather armour
rPois   .            (no helmet)
rElec   .            (no cloak)
rCorr   .            (no gloves)
SInv    .            (no boots)
Will    .....        (no amulet)
Stlth   ++           (no ring)
HPRegen 0.24/turn    (no ring)
MPRegen 0.08/turn

%: no passive effects
@: slow
A: amphibious, slowness 1, strong legs 1, +LOS
a: Hop


You were on level 6 of the Dungeon.
You visited 1 branch of the dungeon, and saw 2 of its levels.

Inventory:

Hand Weapons
 a - a +0 scimitar (weapon)
Armour
 b - a +0 leather armour (worn)
Wands
 g - a wand of digging (3)
Scrolls
 c - a scroll of fog
 e - a scroll of fear
Potions
 d - a potion of mutation {unknown}
 f - a potion of haste


   Skills:
 * Level 3.8 Fighting
 * Level 2.6 Long Blades
 + Level 2.2 Dodging
 + Level 4.7 Stealth
 * Level 0.3 Spellcasting


You had one spell level left.
You didn't know any spells.
Your spell library was empty.

Dungeon Overview and Level Annotations

Branches:
Dungeon (6/15)
 Temple: D:4-7

Altars:

Shops:
D:5 [


Innate Abilities, Weirdness & Mutations

You are amphibious.
You cover ground slowly.
You can hop short distances.
You have an extended range of vision and can be seen from far away.


Message History

Found 3 stones, a ring mail and a scimitar.
There is a stone staircase leading up here.
As you read the scroll of revelation, it crumbles to dust.
You feel aware of your surroundings.
You sensed 1 shop/portal.
A black bear and a gnoll come into view.
The black bear moves out of view.
A hound comes into view.
An iguana comes into view.
The iguana moves out of view.
You slash the gnoll!
The gnoll is severely wounded.
The gnoll completely misses you.
You closely miss the gnoll.
The gnoll is heavily wounded.
The gnoll barely misses you.
You hit the gnoll but do no damage.
The gnoll is heavily wounded.
The gnoll hits you with a +0 club.
You barely miss the gnoll.
The gnoll is heavily wounded.
The gnoll misses you.
You hit the gnoll but do no damage.
The gnoll is heavily wounded.
The gnoll closely misses you.
You hit the gnoll.
You kill the gnoll!
You have reached level 2!
You see here a +0 club.
You are now empty-handed.
You drop a +0 falchion.
You see here a +0 scimitar.
a - a +0 scimitar (weapon)
You see here a +0 ring mail.
You see here a +0 club.
Found a sedimented white potion.
Found a stone staircase leading down.
An ice beast comes into view.
You see here a sedimented white potion.
d - a sedimented white potion The ice beast hits you.
The ice beast freezes you! The ice beast hits you. The ice beast freezes you!
You die...

..).....# ##.#
*,,,,,,,* #######.###
#.# *,,,,,,,*
#######...# #.##
*,,,,,,,*
#########.####..##
*,,>,,,,* .#####
#........# *,,,,,,,*
.##### #######..###
****,**** ..####
##>..# **,* #.g..##
#.Y..# *,,* ####..#
***#.@### *,,* ..###.#
#......#* **,**
#.....#****#.####..#
*,,*
#####.h......****#.#
*,,*
########.....,,,,,.#*
*,,*
######**.....,,,*,..*
*,**
######,,,,,..,,,**,.#*
*,*
......,*,,,,.,,,***..*
*,* .#####**,<,,,,,,*
*..#**,*


You could see an ice beast.

Vanquished Creatures
  A gnoll (D:6)
1 creature vanquished.

Notes
Turn   | Place    | Note
-------+----------+-------------------------------------------
     0 | D:5      | Esekla the Barachi Delver began the quest for the Orb.
     0 | D:5      | Reached XP level 1. HP: 18/18 MP: 1/1
    11 | D:6      | Noticed a black bear
    13 | D:6      | Noticed a hound
    19 | D:6      | Noticed an iguana
    55 | D:6      | Reached XP level 2. HP: 24/25 MP: 2/2
   134 | D:6      | Noticed an ice beast
   138 | D:6      | Slain by an ice beast

Illustrated notes

Levels and vault maps discovered:
D:5:      layout_gridville, nicolae_sif_muna_little_library,
          nicolae_take_the_stairs, nicolae_shop_vocational
D:6:      layout_rooms, serial_shops, shop

Action                     || total
---------------------------++-------
  Melee: Falchion          ||     6
    Use: Scroll            ||     1
 Armour: Leather armour    ||     3
  Dodge: Dodged            ||     4
